 Dungeon Crawl Stone Soup version 0.25-a0-504-g768f60da87 (webtiles) character file.

Game seed: 12474738841921669103, levelgen mode: deterministic

531 Eurus the Magician (level 7, -1/52 HPs)
             Began as a Mummy Conjurer on Feb 14, 2020.
             Shot with an arrow by a centaur (5 damage)
             ... on level 5 of the Dungeon.
             The game lasted 00:10:22 (4696 turns).

Eurus the Magician (Mummy Conjurer)                 Turns: 4696, Time: 00:10:23

Health: -1/52      AC:  2    Str: 11    XL:     7   Next: 3%
Magic:  14/14      EV: 12    Int: 17    God:
Gold:   268        SH:  0    Dex: 12    Spells: 9/16 levels left

rFire    x . .     SeeInvis .   m - +4 dagger (elec)
rCold    + . .     Gourm    .   (no shield)
rNeg     + + +     Faith    .   a - +0 robe
rPois    ∞         Spirit   .   (no helmet)
rElec    .         Reflect  .   (no cloak)
rCorr    .         Harm     .   (no gloves)
MR       .....                  (no boots)
Stlth    ++........             (no amulet)
HPRegen  0.17/turn              (no ring)
MPRegen  0.14/turn              (no ring)

@: no status effects
A: no food or potions, fire vulnerability, cold resistance 1, negative energy
resistance 3, torment resistance, unbreathing
a: no special abilities


You were on level 5 of the Dungeon.
You were not hungry.

You visited 1 branch of the dungeon, and saw 5 of its levels.

You collected 268 gold pieces.

Inventory:

Hand Weapons
 m - a +4 dagger of electrocution (weapon)
Armour
 a - a +0 robe (worn)
 h - a +1 scale mail of fire resistance
Jewellery
 b - an uncursed ring of fire {unknown}
 c - an uncursed ring of protection from cold {unknown}
Wands
 k - a wand of polymorph (5)
Scrolls
 d - 2 scrolls of remove curse {unknown}
 e - 8 scrolls of identify {unknown}
 n - a scroll of teleportation {unknown}


   Skills:
 + Level 3.3 Fighting
 + Level 2.2 Armour
 - Level 1.5 Dodging
 - Level 1.5 Stealth
 + Level 5.1 Spellcasting
 + Level 4.8 Conjurations
 + Level 0.7 Translocations


You had 9 spell levels left.
You knew the following spells:

 Your Spells              Type           Power        Failure   Level  Hunger
a - Magic Dart            Conj           ###.         1%          1    N/A
b - Searing Ray           Conj           ###...       3%          2    N/A
c - Iskenderun's Mystic   Conj/Tloc      ##......     41%         4    N/A

Your spell library contained the following spells:

 Spells                   Type           Power        Failure   Level  Hunger
 Dazzling Flash           Conj/Hex       ##....       16%         3    N/A
 Fulminant Prism          Conj/Hex       ##........   45%         4    N/A

Dungeon Overview and Level Annotations

Branches:
Dungeon (5/15)
 Temple: D:4-7

Altars:
Dithmenos
Nemelex Xobeh
Okawaru
Qazlal
Ru
Vehumet
Wu Jian


Innate Abilities, Weirdness & Mutations

You do not eat or drink.
Your flesh is vulnerable to fire.
You are immune to poison.
Your flesh is cold resistant. (rC+)
You are immune to negative energy. (rN+++)
You are immune to unholy pain and torment.
You can survive without breathing.


Message History

It is a scroll of enchant weapon.
Your +3 dagger of electrocution glows red for a moment.
The adder misses you.
As you read the scroll labeled BOPLO TAYLAA, it crumbles to dust.
You feel aware of your surroundings.
It was a scroll of magic mapping.
The adder barely misses you. x2
As you read the scroll labeled XEULUO ITUSM, it crumbles to dust.
You assume a fearsome visage.
The centaur looks frightened!
The adder looks frightened!
It was a scroll of fear.
The centaur yells, "Help!"
An ogre comes into view. It is wielding a +0 giant club.
The ogre shouts!
A phantom comes into view.
The phantom moves out of view.
The ogre hits you with a +0 giant club.
* * * LOW HITPOINT WARNING * * *
The centaur shoots an arrow.
The arrow hits you.
* * * LOW HITPOINT WARNING * * *
The centaur shoots an arrow.
The arrow hits you.
You die...

##.....#......,,,,,,,,,
####....###.....,,,,,,,,,
##.###...# *#.....,,,*,,,,
#........####......,,**,,,
##.........#.##.....,,,,,,,
#..................,,,,**,,
##...............#,,,,,**,,
####.............#*..,,,,,,*
#.........W@.....##..,,,,,,*
#........)[O.........,,,,,,,
##...#.#.#...........,,,*,,,
##.##.#####.........,,,**,*
###########.....†..,,**,,,
###..##........,,*,,,,
#....................*
#..).....c..........##
##....................#


You could see a phantom, an ogre and a centaur.

Vanquished Creatures
  2 ogres (D:4)
  A centaur (D:5)
  A scorpion (D:5)
  Terence (D:2)
  2 worker ants (D:4)
  3 gnolls (D:4)
  5 adders
  4 worms
  2 dart slugs
  5 leopard geckos
  6 orcs
  2 ball pythons
  A giant cockroach (D:2)
  7 goblins
  6 hobgoblins
  6 jackals
  2 kobolds (D:2)
  3 quokkas
  5 bats
  A frilled lizard (D:2)
  A jackal skeleton (D:5)
  A leopard gecko skeleton (D:5)
  A leopard gecko zombie (D:5)
  5 rats
73 creatures vanquished.

Notes
Turn   | Place    | Note
-------+----------+-------------------------------------------
     0 | D:1      | Eurus the Mummy Conjurer began the quest for the Orb.
     0 | D:1      | Reached XP level 1. HP: 13/13 MP: 4/4
   300 | D:1      | Reached XP level 2. HP: 11/20 MP: 0/5
   308 | D:1      | Learned a level 2 spell: Searing Ray
   535 | D:1      | Reached skill level 3 in Spellcasting
   825 | D:2      | Reached skill level 1 in Fighting
   942 | D:2      | Reached XP level 3. HP: 26/26 MP: 3/7
  1522 | D:2      | Noticed Terence
  1769 | D:2      | Killed Terence
  1769 | D:2      | Reached XP level 4. HP: 30/33 MP: 0/9
  3339 | D:3      | Found an iron altar of Okawaru.
  3341 | D:3      | Found a stormy altar of Qazlal.
  3341 | D:3      | Found a sacrificial altar of Ru.
  3343 | D:3      | Found a radiant altar of Vehumet.
  3344 | D:3      | Found a sparkling altar of Nemelex Xobeh.
  3345 | D:3      | Found an ornate altar of the Wu Jian Council.
  3453 | D:4      | Noticed an ogre
  3463 | D:4      | Killed an ogre
  3463 | D:4      | Reached skill level 1 in Armour
  3463 | D:4      | Reached skill level 4 in Spellcasting
  3463 | D:4      | Reached XP level 5. HP: 39/39 MP: 4/11
  3524 | D:4      | Noticed an ogre
  3547 | D:4      | Killed an ogre
  3547 | D:4      | Reached XP level 6. HP: 46/46 MP: 7/12
  4174 | D:5      | Entered Level 5 of the Dungeon
  4274 | D:4      | Learned a level 4 spell: Iskenderun's Mystic Blast
  4474 | D:5      | Found a shadowy altar of Dithmenos.
  4532 | D:5      | Reached skill level 5 in Spellcasting
  4532 | D:5      | Reached XP level 7. HP: 35/52 MP: 7/14
  4696 | D:5      | Shot with an arrow by a centaur

Levels and vault maps discovered:
D:1:      dpeg_arrival_pond, layout_basic
D:2:      layout_basic, chequers_serial_rivers_large_a, uniq_terence
D:3:      layout_loops_ring, minitemple
D:4:      layout_cave_pools, st_stairs_4
D:5:      layout_cave_pools, nicolae_dithmenos_the_darkroom, first_ration

Skill      XL: |  1  2  3  4  5  6 |
---------------+-------------------+-----
Spellcasting   | 3 4 5 |  5.1
Fighting       | 1 2 3 |  3.3
Conjurations   | 4 |  4.8
Armour         | 1 2 |  2.2
Dodging        | |  1.5
Stealth        | |  1.5
Translocations | |  0.7

Action                   |  1- 3 |  4- 6 |  7- 9 || total
-------------------------+-------+-------+-------++-------
Melee: Unarmed           |    17 |     3 |       ||    20
       Flail             |       |     6 |       ||     6
       Dagger            |       |    16 |       ||    16
 Cast: Magic Dart        |    44 |    52 |     2 ||    98
       Searing Ray       |     6 |    17 |     1 ||    24
  Use: Scroll            |       |       |     5 ||     5
 Stab: Sleeping          |       |     1 |       ||     1
Armor: Robe              |     6 |     3 |       ||     9
Dodge: Dodged            |    30 |    49 |     6 ||    85

Table legend:
 A = Non-vault XP
 B = Vault XP
 C = Vault XP percentage of total XP
 D = Non-vault monster count
 E = Vault monster count
 F = Vault count percentage of total count
                 A         B        C        D         E       F
            +---------+---------+-------+---------+---------+-------
      Total |     691 |      68 |   9.0 |      71 |       2 |   2.7
            +---------+---------+-------+---------+---------+-------
        D:1 |      20 |       0 |   0.0 |      11 |       0 |   0.0
        D:2 |      96 |      36 |  27.3 |      28 |       1 |   3.4
        D:3 |      28 |       0 |   0.0 |       8 |       0 |   0.0
        D:4 |     323 |      32 |   9.0 |       9 |       1 |  10.0
        D:5 |     224 |       0 |   0.0 |      15 |       0 |   0.0
            +---------+---------+-------+---------+---------+-------
